Senateurs vs Canucks
(R1)
Created - January 17, 2020 at 21:44
Goals
|
| Senateurs |
0 |
1 |
2 |
3 |
| Canucks |
1 |
2 |
2 |
5 |
|
Shots
|
| Senateurs |
8 |
12 |
11 |
31 |
| Canucks |
6 |
10 |
19 |
35 |
|
1st period
1. Canucks , Jeremy Morin 5 (Brandon Sutter 13) at 13:18
Penalties :
Marc Savard (Van) for Cross-checking (Minor) at 0:59
2nd period
2. Canucks , Robert Nilsson 12 (Alex Goligoski 16, Nick Palmieri 14) at 0:26 (PP)
3. Canucks , Jason Zucker 11 (Nick Palmieri 15, Jamie McBain 30) at 11:26 (PP)
4. Senateurs , Evgeni Malkin 20 (Dion Phaneuf 25, Phil Kessel 24) at 15:43
Penalties :
Phil Kessel (Ott) for Holding (Minor) at 0:17, Jamie Benn (Ott) for Roughing (Minor) at 11:19
3rd period
5. Senateurs , Phil Kessel 21 (Sidney Crosby 29) at 0:26
6. Canucks , Nick Palmieri 12 (Robert Nilsson 15, Jason Zucker 9) at 13:40 (PP)
7. Senateurs , Stephane Da Costa 4 (Dion Phaneuf 26, Jamie Benn 17) at 14:55
8. Canucks , Brandon Saad 1 (Jamie McBain 31, Brandon Sutter 14) at 15:47 (PP)
Penalties :
Jamie Benn (Ott) for Hooking (Minor) at 13:27, Duncan Keith (Ott) for Roughing (Minor) at 15:45, Daniel Briere (Ott) for Hooking (Minor) at 18:02
Goalie Stats
Ondrej Pavelec (Ott), 30 saves from 35 shots - (0.857), L, 17-7-4, 60:00 minutes
Jacob Markstrom (Van), 28 saves from 31 shots - (0.903), W, 15-15-2, 60:00 minutes
Players Stats for Senateurs
Player Name G A P +/- PIM S H SB GA TA FO MP PP MP PK MP
------------------------------------------------------------------------------------
Carlo Colaiacovo 0 0 0 0 0 1 2 1 0 0 0/0 12:47 0:00 0:00
Cody Franson 0 0 0 3 0 0 3 2 0 0 0/0 28:21 1:23 1:42
Colby Armstrong 0 0 0 1 0 1 5 1 0 1 0/0 15:36 0:59 0:00
Daniel Briere 0 0 0 0 2 3 0 0 1 0 5/9 14:18 0:00 0:00
Daniel Sedin 0 0 0 1 0 2 2 1 0 0 0/0 15:36 0:59 0:00
Dion Phaneuf 0 2 2 3 0 2 4 1 2 0 0/0 28:21 1:23 1:42
Duncan Keith 0 0 0 -1 2 1 1 3 0 1 0/0 18:51 0:36 0:46
Evgeni Malkin 1 0 1 1 0 2 1 0 1 1 3/10 17:16 0:59 1:40
Jamie Benn 0 1 1 0 4 3 1 0 1 0 1/1 20:43 1:00 0:28
Mark Giordano 0 0 0 0 0 1 0 1 0 2 0/0 12:47 0:00 0:00
Michel Ouellet 0 0 0 1 0 1 0 0 0 0 0/0 7:20 0:00 0:00
Nate Prosser 0 0 0 -1 0 2 3 2 0 0 0/0 18:52 0:36 0:46
Phil Kessel 1 1 2 0 2 2 2 0 0 0 3/3 20:44 1:00 0:28
Radim Vrbata 0 0 0 0 0 3 2 0 0 0 1/2 14:49 0:00 0:30
Ryan Hollweg 0 0 0 1 0 0 0 0 0 0 0/0 7:20 0:00 0:00
Sergei Kostitsyn 0 0 0 0 0 2 0 0 0 0 0/0 14:19 0:00 0:00
Sidney Crosby 0 1 1 0 0 4 1 0 0 0 18/36 21:58 1:00 1:41
Stephane Da Costa 1 0 1 1 0 1 0 0 0 0 1/3 7:29 0:00 0:09
Players Stats for Canucks
Player Name G A P +/- PIM S H SB GA TA FO MP PP MP PK MP
------------------------------------------------------------------------------------
Alex Goligoski 0 1 1 -2 0 2 0 0 2 1 0/0 22:44 1:54 0:14
Brad Boyes 0 0 0 -1 0 3 1 1 0 0 2/3 10:43 0:48 0:00
Brandon Saad 1 0 1 -1 0 2 0 0 0 0 0/0 11:26 0:48 0:43
Brandon Sutter 0 2 2 1 0 1 2 1 0 0 8/11 15:34 0:48 0:20
Colton Gillies 0 0 0 -1 0 0 1 0 0 0 0/3 10:28 0:00 0:00
Darren Helm 0 0 0 -1 0 1 2 0 0 0 0/0 11:03 0:00 0:35
Drew Fata 0 0 0 0 0 1 1 1 1 1 0/0 26:03 0:00 1:12
Jamie McBain 0 2 2 0 0 2 1 2 1 0 0/0 29:50 1:54 1:17
Jason Zucker 1 1 2 -1 0 1 0 1 0 1 0/1 22:21 1:40 0:00
Jeremy Morin 1 0 1 1 0 4 0 1 0 0 0/1 14:26 0:00 0:00
Jesper Fast 0 0 0 -1 0 1 0 0 0 0 0/0 10:28 0:00 0:00
Joni Pitkanen 0 0 0 -2 0 2 1 1 0 0 0/0 20:04 0:34 0:42
Jordie Benn 0 0 0 0 0 0 0 2 0 0 0/0 10:39 0:00 0:33
Kurtis Foster 0 0 0 0 0 2 1 0 0 0 0/0 10:40 0:34 0:00
Loui Eriksson 0 0 0 1 0 2 2 0 0 1 0/0 15:10 0:00 0:41
Marc Savard 0 0 0 -1 2 2 2 1 0 0 2/3 9:57 0:00 0:00
Nick Palmieri 1 2 3 -1 0 3 2 2 0 1 2/2 23:05 1:40 0:41
Robert Nilsson 1 1 2 -1 0 6 3 0 1 0 18/40 23:19 1:40 0:58
3 Stars
1 - Nick Palmieri (Van)
2 - Dion Phaneuf (Ott)
3 - Robert Nilsson (Van)
Power Play
Senateurs - 0 on 1 Attempt(s) - 0.00%
Canucks - 4 on 5 Attempt(s) - 80.00%
Penalty Kill
Senateurs - 1 on 5 Attempt(s) - 20.00%
- Score 0 goal in Penalty Kill
Canucks - 1 on 1 Attempt(s) - 100.00%
- Score 0 goal in Penalty Kill
Team Stat
Senateurs - Hits : 27 - Faceoff Wins : 32 - Blocked Shots : 12 - Penalty Minutes : 10
Canucks - Hits : 19 - Faceoff Wins : 32 - Blocked Shots : 13 - Penalty Minutes : 2
Official
Referees : Unknown
Linesman : Unknown
Game Notes
No Game Note
Finance
Level 1 -- Attendance: 6000 (100.00%) -- Ticket Income $498,000
Level 2 -- Attendance: 5000 (100.00%) -- Ticket Income $245,000
Level 3 -- Attendance: 2000 (100.00%) -- Ticket Income $68,000
Level 4 -- Attendance: 4000 (100.00%) -- Ticket Income $68,000
Luxury Box -- Attendance: 1000 (100.00%) -- Ticket Income $98,000
Game was played at the Budweiser Coliseum.
Total Attendance: 18000 (100.00%)
Total Ticket Income: $977,000
Other Income: $146,550
Total Income: $1,123,550
Senateurs
5 vs 5 Forward
Center Left Wing Right Wing Time % Phy DF OF
1 Sidney Crosby Jamie Benn Phil Kessel 40 1 2 2
2 Evgeni Malkin Daniel Sedin Colby Armstrong 30 1 2 2
3 Daniel Briere Sergei Kostitsyn Radim Vrbata 20 1 2 2
4 Stephane Da Costa Ryan Hollweg Michel Ouellet 10 1 2 2
5 vs 5 Defense
Defense Defense Time % Phy DF OF
1 Dion Phaneuf Cody Franson 40 1 2 2
2 Duncan Keith Nate Prosser 30 1 2 2
3 Mark Giordano Carlo Colaiacovo 20 1 2 2
4 Dion Phaneuf Cody Franson 10 1 2 2
PowerPlay Forward
Center Left Wing Right Wing Time % Phy DF OF
1 Sidney Crosby Jamie Benn Phil Kessel 60 1 2 2
2 Evgeni Malkin Daniel Sedin Colby Armstrong 40 1 2 2
PowerPlay Defense
Defense Defense Time % Phy DF OF
1 Dion Phaneuf Cody Franson 60 1 2 2
2 Duncan Keith Nate Prosser 40 1 2 2
Penalty Kill 4 Players Forward
Center Wing Time % Phy DF OF
1 Sidney Crosby Evgeni Malkin 60 1 2 2
2 Phil Kessel Daniel Briere 40 1 2 2
Penalty Kill 4 Players Defense
Defense Defense Time % Phy DF OF
1 Dion Phaneuf Cody Franson 60 1 2 2
2 Duncan Keith Nate Prosser 40 1 2 2
Penalty Kill - 3 Players Forward
Forward Time % Phy DF OF
1 Sidney Crosby 60 1 2 2
2 Evgeni Malkin 40 1 2 2
Penalty Kill - 3 Players Defense
Defense Defense Time % Phy DF OF
1 Dion Phaneuf Cody Franson 60 1 2 2
2 Duncan Keith Nate Prosser 40 1 2 2
4 vs 4 Forward
Center Wing Time % Phy DF OF
1 Sidney Crosby Evgeni Malkin 60 1 2 2
2 Phil Kessel Daniel Briere 40 1 2 2
4 vs 4 Defense
Defense Defense Time % Phy DF OF
1 Dion Phaneuf Cody Franson 60 1 2 2
2 Duncan Keith Nate Prosser 40 1 2 2
Last Minutes Offensive
Center Left Wing Right Wing Defense Defense
Sidney Crosby Jamie Benn Phil Kessel Dion Phaneuf Cody Franson
Last Minutes Defensive
Center Left Wing Right Wing Defense Defense
Sidney Crosby Jamie Benn Phil Kessel Dion Phaneuf Cody Franson
Goaltenders
Starting : Ondrej Pavelec
Backup : Roberto Luongo
Extra Forwards
Normal : Sergei Kostitsyn, Ryan Hollweg, Radim Vrbata - PP : Sergei Kostitsyn, Ryan Hollweg - PK : Radim Vrbata
Extra Defensemen
Normal : Mark Giordano, Carlo Colaiacovo, Duncan Keith - PP : Mark Giordano - PK : Carlo Colaiacovo, Duncan Keith
Penalty Shots
Sidney Crosby, Evgeni Malkin, Phil Kessel, Daniel Briere, Jamie Benn
Scratches
Chris Kunitz (Healthy), Arturs Kulda (Healthy)
Canucks
5 vs 5 Forward
Center Left Wing Right Wing Time % Phy DF OF
1 Robert Nilsson Jason Zucker Nick Palmieri 55 0 0 5
2 Brandon Sutter Loui Eriksson Jeremy Morin 30 0 0 5
3 Marc Savard Brandon Saad Brad Boyes 10 1 2 2
4 Colton Gillies Darren Helm Jesper Fast 5 1 2 2
5 vs 5 Defense
Defense Defense Time % Phy DF OF
1 Jamie McBain Drew Fata 49 0 0 5
2 Alex Goligoski Joni Pitkanen 30 0 0 5
3 Kurtis Foster Jordie Benn 11 1 2 2
4 Jamie McBain Alex Goligoski 10 1 2 2
PowerPlay Forward
Center Left Wing Right Wing Time % Phy DF OF
1 Robert Nilsson Jason Zucker Nick Palmieri 70 0 0 5
2 Brandon Sutter Brandon Saad Brad Boyes 30 0 0 5
PowerPlay Defense
Defense Defense Time % Phy DF OF
1 Jamie McBain Alex Goligoski 70 0 0 5
2 Jamie McBain Joni Pitkanen 30 0 0 5
Penalty Kill 4 Players Forward
Center Wing Time % Phy DF OF
1 Robert Nilsson Marc Savard 60 1 2 2
2 Loui Eriksson Nick Palmieri 40 1 2 2
Penalty Kill 4 Players Defense
Defense Defense Time % Phy DF OF
1 Jamie McBain Drew Fata 60 1 2 2
2 Drew Fata Joni Pitkanen 40 1 2 2
Penalty Kill - 3 Players Forward
Forward Time % Phy DF OF
1 Robert Nilsson 60 1 2 2
2 Marc Savard 40 1 2 2
Penalty Kill - 3 Players Defense
Defense Defense Time % Phy DF OF
1 Jamie McBain Drew Fata 60 1 2 2
2 Drew Fata Joni Pitkanen 40 1 2 2
4 vs 4 Forward
Center Wing Time % Phy DF OF
1 Robert Nilsson Marc Savard 60 1 2 2
2 Loui Eriksson Nick Palmieri 40 1 2 2
4 vs 4 Defense
Defense Defense Time % Phy DF OF
1 Jamie McBain Alex Goligoski 60 1 2 2
2 Drew Fata Joni Pitkanen 40 1 2 2
Last Minutes Offensive
Center Left Wing Right Wing Defense Defense
Robert Nilsson Brandon Saad Nick Palmieri Jamie McBain Alex Goligoski
Last Minutes Defensive
Center Left Wing Right Wing Defense Defense
Robert Nilsson Jason Zucker Nick Palmieri Jamie McBain Alex Goligoski
Goaltenders
Starting : Jacob Markstrom
Backup : Martin Jones
Extra Forwards
Normal : Jesper Fast, Jeremy Morin, Brandon Saad - PP : Jesper Fast, Jeremy Morin - PK : Brandon Saad
Extra Defensemen
Normal : Kurtis Foster, Jordie Benn, Drew Fata - PP : Kurtis Foster - PK : Jordie Benn, Drew Fata
Penalty Shots
Robert Nilsson, Marc Savard, Loui Eriksson, Nick Palmieri, Brad Boyes
Scratches
Scottie Upshall (Healthy)
% Time on Ice - Senateurs
Lines # - Real PCT - Wanted PCT - Time Play
Normal Forward
1 - 35% - 40% - 19:17
2 - 26% - 30% - 14:37
3 - 26% - 20% - 14:19
4 - 13% - 10% - 7:20
Normal Defense
1 - 37% - 40% - 20:48
2 - 32% - 30% - 17:30
3 - 23% - 20% - 12:47
4 - 8% - 10% - 4:28
PP Forward
1 - 50% - 60% - 1:00
2 - 50% - 40% - 0:59
PP Defense
1 - 70% - 60% - 1:23
2 - 30% - 40% - 0:36
PK Forward
1 - 81% - 60% - 2:00
2 - 19% - 40% - 0:28
PK Defense
1 - 69% - 60% - 1:42
2 - 31% - 40% - 0:46
PK3 Forward
1 - 0% - 60%
2 - 0% - 40%
PK3 Defense
1 - 0% - 60%
2 - 0% - 40%
44 Forward
1 - 0% - 60%
2 - 0% - 40%
44 Defense
1 - 0% - 60%
2 - 0% - 40%
Last Minute Offensive - 0:00
Last Minute Defensive - 0:00
Total
Forward - 60:00
Defense - 60:00
|
% Time on Ice - Canucks
Lines # - Real PCT - Wanted PCT - Time Play
Normal Forward
1 - 37% - 55% - 20:41
2 - 26% - 30% - 14:29
3 - 18% - 10% - 9:55
4 - 19% - 5% - 10:28
Normal Defense
1 - 45% - 49% - 24:54
2 - 32% - 30% - 17:51
3 - 18% - 11% - 10:06
4 - 5% - 10% - 2:42
PP Forward
1 - 68% - 70% - 1:40
2 - 32% - 30% - 0:48
PP Defense
1 - 77% - 70% - 1:54
2 - 23% - 30% - 0:34
PK Forward
1 - 66% - 60% - 1:18
2 - 34% - 40% - 0:41
PK Defense
1 - 65% - 60% - 1:17
2 - 35% - 40% - 0:42
PK3 Forward
1 - 0% - 60%
2 - 0% - 40%
PK3 Defense
1 - 0% - 60%
2 - 0% - 40%
44 Forward
1 - 0% - 60%
2 - 0% - 40%
44 Defense
1 - 0% - 60%
2 - 0% - 40%
Last Minute Offensive - 0:00
Last Minute Defensive - 0:00
Total
Forward - 60:00
Defense - 60:00
|
Play-by-Play
1st period
0:01 of 1st period - Sidney Crosby wins face-off versus Robert Nilsson in neutral zone.
0:17 of 1st period - Backhand shot by Phil Kessel.
0:17 of 1st period - Deflect By Sidney Crosby.
0:17 of 1st period - Stopped by Jacob Markstrom without a rebound.
0:18 of 1st period - Brandon Sutter wins face-off versus Evgeni Malkin in Canucks zone.
0:18 of 1st period - Brandon Sutter is hit by Daniel Sedin.
0:26 of 1st period - Duncan Keith is hit by Loui Eriksson and loses puck.
0:45 of 1st period - Sergei Kostitsyn is hit by Robert Nilsson and loses puck.
0:52 of 1st period - Slapshot by Mark Giordano.
0:52 of 1st period - Stopped by Jacob Markstrom with a rebound.
0:54 of 1st period - Wrist shot by Radim Vrbata.
0:54 of 1st period - Stopped by Jacob Markstrom without a rebound.
0:55 of 1st period - Stephane Da Costa wins face-off versus Brad Boyes in Canucks zone.
0:59 of 1st period - Minor Penalty to Marc Savard for Cross-checking.
1:00 of 1st period - Sidney Crosby wins face-off versus Robert Nilsson in Canucks zone.
1:18 of 1st period - Drew Fata is hit by Cody Franson and loses puck.
2:59 of 1st period - Penalty to Marc Savard is over, Marc Savard is back on ice.
3:01 of 1st period - Off-side.
3:02 of 1st period - Brad Boyes wins face-off versus Daniel Briere in neutral zone.
3:14 of 1st period - Off-side.
3:15 of 1st period - Sidney Crosby wins face-off versus Robert Nilsson in neutral zone.
3:23 of 1st period - Off-side.
3:24 of 1st period - Sidney Crosby wins face-off versus Jason Zucker in neutral zone.
4:08 of 1st period - Snap shot by Sidney Crosby.
4:08 of 1st period - Shot Blocked by Drew Fata.
4:33 of 1st period - Slapshot by Sidney Crosby.
4:33 of 1st period - Shot Misses the Net.
4:57 of 1st period - Snap shot by Jamie Benn.
4:57 of 1st period - Stopped by Jacob Markstrom with a rebound.
5:05 of 1st period - Snap shot by Robert Nilsson.
5:05 of 1st period - Stopped by Ondrej Pavelec without a rebound.
5:06 of 1st period - Brandon Sutter wins face-off versus Evgeni Malkin in Senateurs zone.
5:15 of 1st period - Alex Goligoski is hit by Dion Phaneuf and loses puck.
5:39 of 1st period - Cody Franson is hit by Darren Helm and loses puck.
5:56 of 1st period - Duncan Keith is hit by Marc Savard.
6:02 of 1st period - Snap shot by Michel Ouellet.
6:02 of 1st period - Stopped by Jacob Markstrom with a rebound.
6:14 of 1st period - Brandon Sutter is hit by Colby Armstrong and loses puck.
6:55 of 1st period - Jordie Benn is hit by Colby Armstrong.
7:09 of 1st period - Cody Franson is hit by Jamie McBain and loses puck.
8:11 of 1st period - Loui Eriksson is hit by Sidney Crosby and loses puck.
8:24 of 1st period - Jesper Fast is hit by Colby Armstrong and loses puck.
8:49 of 1st period - Kurtis Foster is hit by Colby Armstrong and loses puck.
9:14 of 1st period - Cody Franson is hit by Brad Boyes and loses puck.
9:49 of 1st period - Jesper Fast is hit by Dion Phaneuf and loses puck.
10:25 of 1st period - Jordie Benn is hit by Nate Prosser and loses puck.
10:42 of 1st period - Evgeni Malkin is hit by Kurtis Foster and loses puck.
10:51 of 1st period - Icing by Nick Palmieri.
10:52 of 1st period - Daniel Briere wins face-off versus Robert Nilsson in Canucks zone.
10:53 of 1st period - Wrist shot by Radim Vrbata.
10:53 of 1st period - Deflect By Sergei Kostitsyn.
10:53 of 1st period - Stopped by Jacob Markstrom with a rebound.
11:06 of 1st period - Snap shot by Daniel Briere.
11:06 of 1st period - Shot Misses the Net.
11:24 of 1st period - Snap shot by Loui Eriksson.
11:24 of 1st period - Stopped by Ondrej Pavelec with a rebound.
11:26 of 1st period - Wrist shot by Jordie Benn.
11:26 of 1st period - Shot Blocked by Mark Giordano.
11:28 of 1st period - Snap shot by Loui Eriksson.
11:28 of 1st period - Shot Blocked by Daniel Sedin.
12:14 of 1st period - Snap shot by Jamie Benn.
12:14 of 1st period - Stopped by Jacob Markstrom with a rebound.
12:16 of 1st period - Wrist shot by Phil Kessel.
12:16 of 1st period - Shot Misses the Net.
12:50 of 1st period - Dion Phaneuf is hit by Brandon Sutter and loses puck.
13:16 of 1st period - Wrist shot by Jeremy Morin.
13:16 of 1st period - Stopped by Ondrej Pavelec with a rebound.
13:18 of 1st period - Slapshot by Jeremy Morin.
13:18 of 1st period - Goal by Jeremy Morin - Senateurs : 0 - Canucks : 1.
13:19 of 1st period - Sidney Crosby wins face-off versus Robert Nilsson in neutral zone.
13:46 of 1st period - Alex Goligoski is hit by Cody Franson and loses puck.
14:11 of 1st period - Wrist shot by Jeremy Morin.
14:11 of 1st period - Stopped by Ondrej Pavelec with a rebound.
14:17 of 1st period - Wrist shot by Evgeni Malkin.
14:17 of 1st period - Deflect By Colby Armstrong.
14:17 of 1st period - Shot Misses the Net.
14:17 of 1st period - Puck is out of play.
14:18 of 1st period - Sidney Crosby wins face-off versus Brandon Sutter in Canucks zone.
14:21 of 1st period - Snap shot by Phil Kessel.
14:21 of 1st period - Deflect By Sidney Crosby.
14:21 of 1st period - Stopped by Jacob Markstrom with a rebound.
14:27 of 1st period - Duncan Keith is hit by Brandon Sutter and loses puck.
15:06 of 1st period - Slapshot by Alex Goligoski.
15:06 of 1st period - Stopped by Ondrej Pavelec without a rebound.
15:07 of 1st period - Robert Nilsson wins face-off versus Evgeni Malkin in Senateurs zone.
15:20 of 1st period - Wrist shot by Colby Armstrong.
15:20 of 1st period - Shot Blocked by Jason Zucker.
15:22 of 1st period - Slapshot by Evgeni Malkin.
15:22 of 1st period - Shot Misses the Net.
15:34 of 1st period - Dion Phaneuf is hit by Marc Savard and loses puck.
17:32 of 1st period - Alex Goligoski is hit by Dion Phaneuf and loses puck.
18:11 of 1st period - Jamie McBain is hit by Phil Kessel and loses puck.
18:18 of 1st period - Snap shot by Phil Kessel.
18:18 of 1st period - Shot Blocked by Jordie Benn.
18:30 of 1st period - Snap shot by Darren Helm.
18:30 of 1st period - Shot Misses the Net.
Goals for this period are 0 for Senateurs vs 1 for Canucks.
Shots for this period are 8 for Senateurs vs 6 for Canucks.
2nd period
0:01 of 2nd period - Robert Nilsson wins face-off versus Sidney Crosby in neutral zone.
0:04 of 2nd period - Slapshot by Jamie McBain.
0:04 of 2nd period - Stopped by Ondrej Pavelec without a rebound.
0:05 of 2nd period - Jamie Benn wins face-off versus Robert Nilsson in Senateurs zone.
0:12 of 2nd period - Slapshot by Dion Phaneuf.
0:12 of 2nd period - Deflect By Sidney Crosby.
0:12 of 2nd period - Shot Misses the Net.
0:12 of 2nd period - Puck is out of play.
0:13 of 2nd period - Robert Nilsson wins face-off versus Sidney Crosby in Canucks zone.
0:17 of 2nd period - Minor Penalty to Phil Kessel for Holding.
0:18 of 2nd period - Robert Nilsson wins face-off versus Sidney Crosby in Senateurs zone.
0:24 of 2nd period - Wrist shot by Robert Nilsson.
0:24 of 2nd period - Shot Misses the Net.
0:26 of 2nd period - Slapshot by Robert Nilsson.
0:26 of 2nd period - Goal by Robert Nilsson - Senateurs : 0 - Canucks : 2.
0:27 of 2nd period - Sidney Crosby wins face-off versus Robert Nilsson in neutral zone.
1:19 of 2nd period - Snap shot by Radim Vrbata.
1:19 of 2nd period - Stopped by Jacob Markstrom without a rebound.
1:20 of 2nd period - Daniel Briere wins face-off versus Colton Gillies in Canucks zone.
1:35 of 2nd period - Slapshot by Daniel Briere.
1:35 of 2nd period - Shot Misses the Net.
1:37 of 2nd period - Slapshot by Daniel Briere.
1:37 of 2nd period - Stopped by Jacob Markstrom without a rebound.
1:38 of 2nd period - Sidney Crosby wins face-off versus Robert Nilsson in Canucks zone.
1:39 of 2nd period - Wrist shot by Jamie Benn.
1:39 of 2nd period - Stopped by Jacob Markstrom with a rebound.
2:04 of 2nd period - Joni Pitkanen is hit by Dion Phaneuf and loses puck.
3:09 of 2nd period - Sidney Crosby is hit by Colton Gillies.
3:52 of 2nd period - Slapshot by Jordie Benn.
3:52 of 2nd period - Shot Misses the Net.
3:54 of 2nd period - Backhand shot by Nick Palmieri.
3:54 of 2nd period - Stopped by Ondrej Pavelec without a rebound.
3:55 of 2nd period - Robert Nilsson wins face-off versus Sidney Crosby in Senateurs zone.
3:56 of 2nd period - Wrist shot by Nick Palmieri.
3:56 of 2nd period - Deflect By Robert Nilsson.
3:56 of 2nd period - Stopped by Ondrej Pavelec without a rebound.
3:57 of 2nd period - Sidney Crosby wins face-off versus Robert Nilsson in Senateurs zone.
4:23 of 2nd period - Slapshot by Brandon Sutter.
4:23 of 2nd period - Shot Blocked by Carlo Colaiacovo.
4:29 of 2nd period - Wrist shot by Daniel Sedin.
4:29 of 2nd period - Stopped by Jacob Markstrom without a rebound.
4:30 of 2nd period - Evgeni Malkin wins face-off versus Robert Nilsson in Canucks zone.
4:45 of 2nd period - Snap shot by Colby Armstrong.
4:45 of 2nd period - Stopped by Jacob Markstrom without a rebound.
4:46 of 2nd period - Brandon Sutter wins face-off versus Sidney Crosby in Canucks zone.
5:12 of 2nd period - Evgeni Malkin is hit by Nick Palmieri and loses puck.
7:09 of 2nd period - Wrist shot by Marc Savard.
7:09 of 2nd period - Shot Misses the Net.
7:47 of 2nd period - Slapshot by Joni Pitkanen.
7:47 of 2nd period - Stopped by Ondrej Pavelec with a rebound.
8:27 of 2nd period - Snap shot by Daniel Sedin.
8:27 of 2nd period - Stopped by Jacob Markstrom without a rebound.
8:28 of 2nd period - Brandon Sutter wins face-off versus Stephane Da Costa in Canucks zone.
9:04 of 2nd period - Snap shot by Nick Palmieri.
9:04 of 2nd period - Shot Misses the Net.
9:06 of 2nd period - Snap shot by Jason Zucker.
9:06 of 2nd period - Shot Misses the Net.
9:18 of 2nd period - Kurtis Foster is hit by Daniel Sedin and loses puck.
9:36 of 2nd period - Icing by Colton Gillies.
9:37 of 2nd period - Radim Vrbata wins face-off versus Colton Gillies in Canucks zone.
10:44 of 2nd period - Slapshot by Drew Fata.
10:44 of 2nd period - Stopped by Ondrej Pavelec without a rebound.
10:45 of 2nd period - Robert Nilsson wins face-off versus Stephane Da Costa in Senateurs zone.
11:19 of 2nd period - Minor Penalty to Jamie Benn for Roughing.
11:20 of 2nd period - Robert Nilsson wins face-off versus Sidney Crosby in Senateurs zone.
11:22 of 2nd period - Slapshot by Alex Goligoski.
11:22 of 2nd period - Stopped by Ondrej Pavelec with a rebound.
11:24 of 2nd period - Slapshot by Jamie McBain.
11:24 of 2nd period - Shot Misses the Net.
11:26 of 2nd period - Snap shot by Nick Palmieri.
11:26 of 2nd period - Deflect By Jason Zucker.
11:26 of 2nd period - Goal by Jason Zucker - Senateurs : 0 - Canucks : 3.
11:27 of 2nd period - Robert Nilsson wins face-off versus Sidney Crosby in neutral zone.
11:32 of 2nd period - Slapshot by Jamie McBain.
11:32 of 2nd period - Shot Blocked by Cody Franson.
12:16 of 2nd period - Icing by Jeremy Morin.
12:17 of 2nd period - Brandon Sutter wins face-off versus Daniel Briere in Canucks zone.
12:30 of 2nd period - Dion Phaneuf is hit by Drew Fata and loses puck.
13:13 of 2nd period - Alex Goligoski is hit by Duncan Keith and loses puck.
13:26 of 2nd period - Slapshot by Alex Goligoski.
13:26 of 2nd period - Shot Blocked by Duncan Keith.
13:28 of 2nd period - Wrist shot by Nick Palmieri.
13:28 of 2nd period - Shot Blocked by Duncan Keith.
13:38 of 2nd period - Wrist shot by Robert Nilsson.
13:38 of 2nd period - Stopped by Ondrej Pavelec with a rebound.
13:40 of 2nd period - Snap shot by Jason Zucker.
13:40 of 2nd period - Shot Misses the Net.
13:42 of 2nd period - Snap shot by Robert Nilsson.
13:42 of 2nd period - Deflect By Duncan Keith.
13:42 of 2nd period - Shot Misses the Net.
13:42 of 2nd period - Puck is out of play.
13:43 of 2nd period - Sidney Crosby wins face-off versus Brandon Sutter in Senateurs zone.
15:08 of 2nd period - Snap shot by Colby Armstrong.
15:08 of 2nd period - Shot Blocked by Brad Boyes.
15:10 of 2nd period - Slapshot by Carlo Colaiacovo.
15:10 of 2nd period - Stopped by Jacob Markstrom with a rebound.
15:12 of 2nd period - Wrist shot by Daniel Sedin.
15:12 of 2nd period - Shot Misses the Net.
15:31 of 2nd period - Icing by Darren Helm.
15:32 of 2nd period - Sidney Crosby wins face-off versus Colton Gillies in Canucks zone.
15:39 of 2nd period - Slapshot by Dion Phaneuf.
15:39 of 2nd period - Stopped by Jacob Markstrom with a rebound.
15:41 of 2nd period - Slapshot by Dion Phaneuf.
15:41 of 2nd period - Shot Blocked by Joni Pitkanen.
15:43 of 2nd period - Wrist shot by Evgeni Malkin.
15:43 of 2nd period - Goal by Evgeni Malkin - Senateurs : 1 - Canucks : 3.
15:44 of 2nd period - Robert Nilsson wins face-off versus Sidney Crosby in neutral zone.
15:47 of 2nd period - Slapshot by Jamie McBain.
15:47 of 2nd period - Deflect By Phil Kessel.
15:47 of 2nd period - Stopped by Ondrej Pavelec without a rebound.
15:48 of 2nd period - Robert Nilsson wins face-off versus Sidney Crosby in Senateurs zone.
17:02 of 2nd period - Alex Goligoski is hit by Nate Prosser and loses puck.
17:09 of 2nd period - Slapshot by Duncan Keith.
17:09 of 2nd period - Deflect By Radim Vrbata.
17:09 of 2nd period - Shot Blocked by Nick Palmieri.
17:09 of 2nd period - Puck is out of play.
17:10 of 2nd period - Daniel Briere wins face-off versus Robert Nilsson in Canucks zone.
18:00 of 2nd period - Phil Kessel is hit by Darren Helm and loses puck.
18:07 of 2nd period - Slapshot by Duncan Keith.
18:07 of 2nd period - Stopped by Jacob Markstrom without a rebound.
18:08 of 2nd period - Daniel Briere wins face-off versus Robert Nilsson in Canucks zone.
18:09 of 2nd period - Slapshot by Radim Vrbata.
18:09 of 2nd period - Shot Blocked by Nick Palmieri.
18:14 of 2nd period - Icing by Alex Goligoski.
18:15 of 2nd period - Robert Nilsson wins face-off versus Radim Vrbata in Canucks zone.
19:26 of 2nd period - Snap shot by Jamie Benn.
19:26 of 2nd period - Shot Misses the Net.
19:47 of 2nd period - Snap shot by Sergei Kostitsyn.
19:47 of 2nd period - Shot Misses the Net.
19:49 of 2nd period - Snap shot by Daniel Briere.
19:49 of 2nd period - Stopped by Jacob Markstrom with a rebound.
19:51 of 2nd period - Snap shot by Daniel Briere.
19:51 of 2nd period - Stopped by Jacob Markstrom without a rebound.
19:52 of 2nd period - Daniel Briere wins face-off versus Brandon Sutter in Canucks zone.
19:57 of 2nd period - Snap shot by Radim Vrbata.
19:57 of 2nd period - Shot Blocked by Brandon Sutter.
Goals for this period are 1 for Senateurs vs 2 for Canucks.
Shots for this period are 12 for Senateurs vs 10 for Canucks.
3rd period
0:01 of 3rd period - Phil Kessel wins face-off versus Robert Nilsson in neutral zone.
0:06 of 3rd period - Off-side.
0:07 of 3rd period - Phil Kessel wins face-off versus Robert Nilsson in neutral zone.
0:22 of 3rd period - Wrist shot by Phil Kessel.
0:22 of 3rd period - Shot Misses the Net.
0:24 of 3rd period - Snap shot by Phil Kessel.
0:24 of 3rd period - Shot Misses the Net.
0:26 of 3rd period - Slapshot by Phil Kessel.
0:26 of 3rd period - Goal by Phil Kessel - Senateurs : 2 - Canucks : 3.
0:27 of 3rd period - Robert Nilsson wins face-off versus Sidney Crosby in neutral zone.
2:12 of 3rd period - Wrist shot by Michel Ouellet.
2:12 of 3rd period - Shot Misses the Net.
3:01 of 3rd period - Wrist shot by Alex Goligoski.
3:01 of 3rd period - Shot Misses the Net.
3:03 of 3rd period - Slapshot by Joni Pitkanen.
3:03 of 3rd period - Shot Misses the Net.
3:05 of 3rd period - Snap shot by Jeremy Morin.
3:05 of 3rd period - Stopped by Ondrej Pavelec without a rebound.
3:06 of 3rd period - Sidney Crosby wins face-off versus Jeremy Morin in Senateurs zone.
3:11 of 3rd period - Slapshot by Dion Phaneuf.
3:11 of 3rd period - Stopped by Jacob Markstrom without a rebound.
3:12 of 3rd period - Nick Palmieri wins face-off versus Sidney Crosby in Canucks zone.
4:29 of 3rd period - Snap shot by Stephane Da Costa.
4:29 of 3rd period - Shot Misses the Net.
5:18 of 3rd period - Wrist shot by Brandon Sutter.
5:18 of 3rd period - Stopped by Ondrej Pavelec without a rebound.
5:19 of 3rd period - Evgeni Malkin wins face-off versus Robert Nilsson in Senateurs zone.
5:19 of 3rd period - Evgeni Malkin is hit by Robert Nilsson.
5:25 of 3rd period - Drew Fata is hit by Evgeni Malkin.
5:43 of 3rd period - Jeremy Morin is hit by Carlo Colaiacovo and loses puck.
6:07 of 3rd period - Off-side.
6:08 of 3rd period - Brad Boyes wins face-off versus Sidney Crosby in neutral zone.
6:30 of 3rd period - Slapshot by Joni Pitkanen.
6:30 of 3rd period - Stopped by Ondrej Pavelec with a rebound.
6:32 of 3rd period - Backhand shot by Kurtis Foster.
6:32 of 3rd period - Stopped by Ondrej Pavelec with a rebound.
6:34 of 3rd period - Slapshot by Jordie Benn.
6:34 of 3rd period - Deflect By Brad Boyes.
6:34 of 3rd period - Stopped by Ondrej Pavelec without a rebound.
6:35 of 3rd period - Evgeni Malkin wins face-off versus Robert Nilsson in Senateurs zone.
6:40 of 3rd period - Jason Zucker is hit by Colby Armstrong and loses puck.
7:01 of 3rd period - Brandon Sutter is hit by Radim Vrbata and loses puck.
7:22 of 3rd period - Icing by Jamie McBain.
7:23 of 3rd period - Sidney Crosby wins face-off versus Marc Savard in Canucks zone.
7:28 of 3rd period - Wrist shot by Sidney Crosby.
7:28 of 3rd period - Stopped by Jacob Markstrom with a rebound.
7:30 of 3rd period - Slapshot by Nate Prosser.
7:30 of 3rd period - Stopped by Jacob Markstrom with a rebound.
7:32 of 3rd period - Snap shot by Phil Kessel.
7:32 of 3rd period - Shot Misses the Net.
7:34 of 3rd period - Slapshot by Nate Prosser.
7:34 of 3rd period - Stopped by Jacob Markstrom with a rebound.
7:36 of 3rd period - Snap shot by Phil Kessel.
7:36 of 3rd period - Shot Blocked by Jamie McBain.
7:38 of 3rd period - Slapshot by Nate Prosser.
7:38 of 3rd period - Shot Misses the Net.
7:40 of 3rd period - Slapshot by Phil Kessel.
7:40 of 3rd period - Shot Blocked by Marc Savard.
8:19 of 3rd period - Wrist shot by Evgeni Malkin.
8:19 of 3rd period - Stopped by Jacob Markstrom with a rebound.
8:21 of 3rd period - Slapshot by Duncan Keith.
8:21 of 3rd period - Shot Misses the Net.
8:23 of 3rd period - Slapshot by Michel Ouellet.
8:23 of 3rd period - Shot Blocked by Jeremy Morin.
8:33 of 3rd period - Joni Pitkanen is hit by Radim Vrbata and loses puck.
8:50 of 3rd period - Jesper Fast is hit by Cody Franson and loses puck.
9:43 of 3rd period - Daniel Briere is hit by Joni Pitkanen and loses puck.
10:00 of 3rd period - Snap shot by Sergei Kostitsyn.
10:00 of 3rd period - Stopped by Jacob Markstrom with a rebound.
10:58 of 3rd period - Wrist shot by Alex Goligoski.
10:58 of 3rd period - Shot Blocked by Cody Franson.
11:04 of 3rd period - Slapshot by Colton Gillies.
11:04 of 3rd period - Shot Misses the Net.
11:06 of 3rd period - Snap shot by Darren Helm.
11:06 of 3rd period - Stopped by Ondrej Pavelec with a rebound.
11:08 of 3rd period - Slapshot by Jesper Fast.
11:08 of 3rd period - Stopped by Ondrej Pavelec without a rebound.
11:09 of 3rd period - Phil Kessel wins face-off versus Robert Nilsson in Senateurs zone.
12:23 of 3rd period - Wrist shot by Sidney Crosby.
12:23 of 3rd period - Stopped by Jacob Markstrom without a rebound.
12:24 of 3rd period - Sidney Crosby wins face-off versus Robert Nilsson in Canucks zone.
12:29 of 3rd period - Slapshot by Phil Kessel.
12:29 of 3rd period - Stopped by Jacob Markstrom without a rebound.
12:30 of 3rd period - Robert Nilsson wins face-off versus Sidney Crosby in Canucks zone.
12:30 of 3rd period - Robert Nilsson is hit by Carlo Colaiacovo.
12:58 of 3rd period - Snap shot by Brad Boyes.
12:58 of 3rd period - Stopped by Ondrej Pavelec without a rebound.
12:59 of 3rd period - Marc Savard wins face-off versus Evgeni Malkin in Senateurs zone.
13:02 of 3rd period - Wrist shot by Brad Boyes.
13:02 of 3rd period - Stopped by Ondrej Pavelec without a rebound.
13:03 of 3rd period - Marc Savard wins face-off versus Evgeni Malkin in Senateurs zone.
13:06 of 3rd period - Snap shot by Marc Savard.
13:06 of 3rd period - Stopped by Ondrej Pavelec with a rebound.
13:08 of 3rd period - Snap shot by Marc Savard.
13:08 of 3rd period - Shot Blocked by Nate Prosser.
13:10 of 3rd period - Snap shot by Marc Savard.
13:10 of 3rd period - Stopped by Ondrej Pavelec with a rebound.
13:12 of 3rd period - Slapshot by Kurtis Foster.
13:12 of 3rd period - Shot Blocked by Colby Armstrong.
13:14 of 3rd period - Slapshot by Kurtis Foster.
13:14 of 3rd period - Stopped by Ondrej Pavelec with a rebound.
13:16 of 3rd period - Slapshot by Jordie Benn.
13:16 of 3rd period - Shot Blocked by Duncan Keith.
13:18 of 3rd period - Wrist shot by Brad Boyes.
13:18 of 3rd period - Shot Blocked by Nate Prosser.
13:20 of 3rd period - Slapshot by Brandon Saad.
13:20 of 3rd period - Stopped by Ondrej Pavelec without a rebound.
13:21 of 3rd period - Nick Palmieri wins face-off versus Sidney Crosby in Senateurs zone.
13:27 of 3rd period - Minor Penalty to Jamie Benn for Hooking.
13:28 of 3rd period - Sidney Crosby wins face-off versus Robert Nilsson in Senateurs zone.
13:40 of 3rd period - Slapshot by Nick Palmieri.
13:40 of 3rd period - Goal by Nick Palmieri - Senateurs : 2 - Canucks : 4.
13:41 of 3rd period - Sidney Crosby wins face-off versus Robert Nilsson in neutral zone.
13:58 of 3rd period - Slapshot by Robert Nilsson.
13:58 of 3rd period - Stopped by Ondrej Pavelec without a rebound.
13:59 of 3rd period - Brandon Sutter wins face-off versus Evgeni Malkin in Senateurs zone.
14:00 of 3rd period - Slapshot by Loui Eriksson.
14:00 of 3rd period - Shot Blocked by Dion Phaneuf.
14:02 of 3rd period - Slapshot by Jamie McBain.
14:02 of 3rd period - Shot Misses the Net.
14:53 of 3rd period - Wrist shot by Stephane Da Costa.
14:53 of 3rd period - Shot Misses the Net.
14:55 of 3rd period - Snap shot by Stephane Da Costa.
14:55 of 3rd period - Goal by Stephane Da Costa - Senateurs : 3 - Canucks : 4.
14:56 of 3rd period - Sidney Crosby wins face-off versus Robert Nilsson in neutral zone.
15:00 of 3rd period - Off-side.
15:01 of 3rd period - Robert Nilsson wins face-off versus Sidney Crosby in neutral zone.
15:01 of 3rd period - Robert Nilsson is hit by Jamie Benn.
15:18 of 3rd period - Phil Kessel is hit by Nick Palmieri and loses puck.
15:42 of 3rd period - Jamie McBain is hit by Nate Prosser and loses puck.
15:45 of 3rd period - Minor Penalty to Duncan Keith for Roughing.
15:46 of 3rd period - Brandon Sutter wins face-off versus Sidney Crosby in Senateurs zone.
15:47 of 3rd period - Slapshot by Jamie McBain.
15:47 of 3rd period - Deflect By Brandon Saad.
15:47 of 3rd period - Goal by Brandon Saad - Senateurs : 3 - Canucks : 5.
15:48 of 3rd period - Robert Nilsson wins face-off versus Sidney Crosby in neutral zone.
15:51 of 3rd period - Sidney Crosby is hit by Robert Nilsson and loses puck.
16:14 of 3rd period - Cody Franson is hit by Loui Eriksson and loses puck.
16:37 of 3rd period - Snap shot by Marc Savard.
16:37 of 3rd period - Shot Misses the Net.
16:45 of 3rd period - Snap shot by Michel Ouellet.
16:45 of 3rd period - Deflect By Ryan Hollweg.
16:45 of 3rd period - Shot Blocked by Jordie Benn.
16:45 of 3rd period - Puck is out of play.
16:46 of 3rd period - Sidney Crosby wins face-off versus Robert Nilsson in Canucks zone.
17:19 of 3rd period - Snap shot by Colby Armstrong.
17:19 of 3rd period - Shot Blocked by Jamie McBain.
17:37 of 3rd period - Snap shot by Radim Vrbata.
17:37 of 3rd period - Stopped by Jacob Markstrom without a rebound.
17:38 of 3rd period - Robert Nilsson wins face-off versus Daniel Briere in Canucks zone.
17:48 of 3rd period - Icing by Daniel Briere.
17:49 of 3rd period - Brandon Sutter wins face-off versus Daniel Briere in Senateurs zone.
18:00 of 3rd period - Wrist shot by Loui Eriksson.
18:00 of 3rd period - Stopped by Ondrej Pavelec with a rebound.
18:02 of 3rd period - Minor Penalty to Daniel Briere for Hooking.
18:03 of 3rd period - Robert Nilsson wins face-off versus Sidney Crosby in Senateurs zone.
18:16 of 3rd period - Snap shot by Jason Zucker.
18:16 of 3rd period - Shot Misses the Net.
18:18 of 3rd period - Snap shot by Robert Nilsson.
18:18 of 3rd period - Shot Misses the Net.
18:20 of 3rd period - Snap shot by Nick Palmieri.
18:20 of 3rd period - Stopped by Ondrej Pavelec without a rebound.
18:21 of 3rd period - Robert Nilsson wins face-off versus Evgeni Malkin in Senateurs zone.
18:30 of 3rd period - Snap shot by Nick Palmieri.
18:30 of 3rd period - Deflect By Robert Nilsson.
18:30 of 3rd period - Stopped by Ondrej Pavelec with a rebound.
19:24 of 3rd period - Robert Nilsson is hit by Phil Kessel and loses puck.
Goals for this period are 2 for Senateurs vs 2 for Canucks.
Shots for this period are 11 for Senateurs vs 19 for Canucks.
Back to the Top